 Dungeon Crawl Stone Soup version 0.31-a0-210-gccc998df9b (webtiles) character file.

Game seed: 1851665602462882521

332 qw the Shooter (level 6, -5/38 HPs)
             Began as a Gargoyle Hexslinger on June 30, 2023.
             Was an Initiate of Okawaru.
             Slain by an ice beast (14 damage)
             ... on level 5 of the Dungeon.
             The game lasted 00:01:15 (3177 turns).

qw the Shooter (Gargoyle Hexslinger)                Turns: 3177, Time: 00:01:16

Health: -5/38      AC:  9    Str: 11    XL:     6   Next: 52%
Magic:  7/7        EV: 10    Int: 14    God:    Okawaru [......]
Gold:   175        SH:  0    Dex: 14    Spells: 6/7 levels left

rFire   . . .        Y - +2 sling
rCold   . . .        (no shield)
rNeg    + . .        m - +0 ring mail
rPois   inf          (no helmet)
rElec   +            (no cloak)
rCorr   .            (no gloves)
SInv    .            (no boots)
Will    .....        (no amulet)
Stlth   +            (no ring)
HPRegen 0.26/turn    (no ring)
MPRegen 0.10/turn

%: no passive effects
@: no status effects
A: sickness immunity, AC +4, negative energy resistance 1, electricity
resistance, torment resistance 1, petrification resistance
a: Renounce Religion


You were on level 5 of the Dungeon.
You worshipped Okawaru.
Okawaru was noncommittal.
You visited 2 branches of the dungeon, and saw 6 of its levels.

You collected 175 gold pieces.


Innate Abilities, Weirdness & Mutations

You are immune to sickness and miasma.
Your stone body is resilient. (AC +4)
You are immune to poison.
You resist negative energy. (rN+)
You are resistant to electric shocks. (rElec)
You are resistant to unholy torment.
You are immune to petrification.


   Skills:
 - Level 3.9 Fighting
 + Level 5.0 Ranged Weapons
 - Level 2.5 Armour
 - Level 1.5 Dodging
 - Level 1.0 Spellcasting
 - Level 2.6 Hexes


You had 6 spell levels left.
You knew the following spells:

 Your Spells              Type           Power      Damage    Failure   Level
a - Slow                  Hex            32%        N/A       21%         1

Your spell library contained the following spells:

 Spells                   Type           Power      Damage    Failure   Level
 Inner Flame              Hex/Fire       4%         N/A       71%         3
 Portal Projectile        Hex/Tloc       8%         N/A       71%         3
 Cause Fear               Hex            4%         N/A       90%         4

Inventory:

Hand Weapons
 Y - a +2 sling (weapon)
Armour
 j - the +1 ring mail of Zijeasy {+Blink +Inv rF- Int+8}
   (You found it on level 3 of the Dungeon)

   Int:       It affects your intelligence (+8).
   rF:        It makes you vulnerable to fire.
   +Inv:      It lets you turn invisible.
   +Blink:    It lets you blink.
 m - a +0 ring mail (worn)
Scrolls
 c - a scroll of identify
Potions
 a - 2 potions of might
 d - a potion of invisibility {unknown}
 e - a potion of enlightenment {unknown}
 g - a potion of curing
 h - a potion of heal wounds
 i - a potion of ambrosia {unknown}

Dungeon Overview and Level Annotations

Branches:
Dungeon (5/15)             Temple (1/1) D:4

Altars:
Ashenzari
Dithmenos
Elyvilon
Fedhas
Gozag
Hepliaklqana
Kikubaaqudgha
Makhleb
Nemelex Xobeh
Okawaru
Qazlal
Ru
Sif Muna
Uskayaw
Vehumet
Xom
Zin
The Shining One


Message History

a +0 giant spiked club; a +4 morningstar; a worm corpse An ice beast comes into view.
The ice beast moves out of view.
An ice beast is nearby!
You shoot a sling bullet.
The sling bullet hits the ice beast but does no damage.
You shoot a sling bullet.
The sling bullet barely misses the ice beast.
You shoot a sling bullet.
The sling bullet hits the ice beast but does no damage.
The ice beast hits you but does no damage.
You shoot a sling bullet.
The sling bullet closely misses the ice beast.
The ice beast barely misses you.
You shoot a sling bullet. The sling bullet hits the ice beast.
The ice beast is moderately wounded.
The ice beast hits you but does no damage.
You shoot a sling bullet.
The sling bullet hits the ice beast but does no damage.
The ice beast is moderately wounded.
The ice beast hits you. The ice beast freezes you!
You shoot a sling bullet.
The sling bullet hits the ice beast but does no damage.
The ice beast is moderately wounded.
The ice beast hits you but does no damage.
The ice beast barely misses you.
You shoot a sling bullet. The sling bullet hits the ice beast.
The ice beast is moderately wounded.
The ice beast barely misses you.
You shoot a sling bullet.
The sling bullet closely misses the ice beast.
The ice beast hits you. The ice beast freezes you!
You shoot a sling bullet.
The sling bullet barely misses the ice beast.
The ice beast hits you. The ice beast freezes you!
The ice beast barely misses you.
You shoot a sling bullet. The sling bullet hits the ice beast!
The ice beast is heavily wounded.
The ice beast hits you. The ice beast freezes you!
You die...

## #..(#####+##.
...###..))........
#......<##).......
##....#.###.......
####.### #....... ##..#
##..?.... ##
#...###........
##.###..............
#.Y@................
#............#.......
......###...............
...... .................
¤.~¤~ ~.~~¤~¤..#....#...
~.¤###~.~###~.#####.....
¤.~ #¤.~ #~.. ..... ~.
#~.~ ~...


You could see an ice beast.

Vanquished Creatures
  An ogre (D:5)
  A scorpion (D:4)
  A sleepcap (D:4)
  3 gnolls (D:5)
  4 adders
  2 worms
  3 dart slugs
  3 orcs (D:5)
  9 endoplasms
  4 giant cockroaches
  7 goblins
  7 hobgoblins
  6 jackals
  4 quokkas (D:1)
  3 ball pythons
  4 bats
  6 frilled lizards (D:1)
  7 kobolds
  7 rats
82 creatures vanquished.

Notes
Turn   | Place    | Note
-------+----------+-------------------------------------------
     0 | D:1      | qw the Gargoyle Hexslinger began the quest for the Orb.
     0 | D:1      | Reached XP level 1. HP: 12/12 MP: 2/2
     0 | D:1      | 0 ||| qw: Version: 0.3-a-24-ga2abf7b
     0 | D:1      | 0 ||| qw: Game counter: 7137
     0 | D:1      | 0 ||| qw: Melee chars always use a shield: true
     0 | D:1      | 0 ||| qw: God list: Okawaru
     0 | D:1      | 0 ||| qw: Allow faded altars: false
     0 | D:1      | 0 ||| qw: Do Orc after clearing Dungeon:15 true
     0 | D:1      | 0 ||| qw: Do second Lair branch before Depths: true
     0 | D:1      | 0 ||| qw: Lair rune preference: random
     0 | D:1      | 0 ||| qw: Goals: Normal
     0 | D:1      | 0 ||| PLANNING D:1-11
   259 | D:1      | Reached XP level 2. HP: 16/16 MP: 3/3
   450 | D:1      | Reached skill level 3 in Ranged Weapons
   673 | D:1      | Reached XP level 3. HP: 21/21 MP: 4/4
  1055 | D:1      | 1055 ||| UPGRADING to +0 leather armour.
  1065 | D:1      | 1065 ||| DROPPING +0 robe.
  1066 | D:1      | 1066 ||| READING scroll labelled IGHU YMMUGON.
  1067 | D:1      | 1067 ||| DROPPING scroll of poison.
  1117 | D:2      | Found a sacrificial altar of Ru.
  1194 | D:2      | Reached XP level 4. HP: 26/26 MP: 5/5
  1198 | D:2      | Reached skill level 4 in Ranged Weapons
  1354 | D:2      | 1354 ||| FLEEEEING.
  1360 | D:2      | 1360 ||| STAIRDANCE
  1397 | D:1      | 1397 ||| READING scroll labelled HUXIRGHO REWNYF.
  1398 | D:1      | 1398 ||| READING scroll labelled TICKIENOITH.
  1499 | D:1      | 1499 ||| READING scroll labelled TOEFAV FILIE.
  1509 | D:2      | Found a faded altar of an unknown god.
  1790 | D:3      | Identified the +1 ring mail of Zijeasy {+Blink +Inv rF-
                  | Int+8}
  2207 | D:3      | 2207 ||| UPGRADING to +0 ring mail.
  2217 | D:3      | 2217 ||| DROPPING +0 leather armour.
  2218 | D:3      | 2218 ||| DROPPING amulet of magic regeneration.
  2219 | D:3      | 2219 ||| READING scroll labelled QUGEAR MICEBA.
  2220 | D:3      | 2220 ||| READING scroll labelled BAECREF WEREA.
  2221 | D:3      | 2221 ||| DRINKING 2 bubbling brown potions.
  2222 | D:3      | 2222 ||| DRINKING 2 cyan potions.
  2223 | D:3      | 2223 ||| READING 2 scrolls of identify.
  2223 | D:3      | 2223 ||| IDENTIFYING emerald potion
  2224 | D:3      | 2224 ||| DROPPING potion of brilliance.
  2238 | D:4      | Noticed a scorpion
  2245 | D:4      | Killed a scorpion
  2246 | D:4      | Reached XP level 5. HP: 16/30 MP: 6/6
  2407 | D:4      | Found a staircase to the Ecumenical Temple.
  2408 | D:4      | 2408 ||| PLANNING TEMPLE
  2412 | Temple   | Entered the Ecumenical Temple
  2502 | Temple   | 2502 ||| PLANNING D:1-11
  2610 | D:4      | Found an iron altar of Okawaru.
  2611 | D:4      | 2611 ||| PLANNING OKAWARU WORSHIP
  2611 | D:4      | 2611 ||| DRINKING 2 purple potions.
  2614 | D:4      | Became a worshipper of Warmaster Okawaru
  2615 | D:4      | 2615 ||| PLANNING D:1-11
  2788 | D:4      | Reached skill level 5 in Ranged Weapons
  2915 | D:4      | Found a glowing silver altar of Zin.
  2916 | D:4      | 2916 ||| READING scroll labelled JUCEFU TUYWEIST.
  2938 | D:5      | Entered Level 5 of the Dungeon
  2958 | D:5      | Reached XP level 6. HP: 26/36 MP: 7/7
  2967 | D:5      | HP: 9/36 [orc/+0 club (2)]
  2968 | D:5      | 2968 ||| DRINKING 2 potions of heal wounds.
  2982 | D:5      | 2982 ||| FLEEEEING.
  2983 | D:5      | 2983 ||| STAIRDANCE
  3055 | D:5      | Reached skill level 3 in Fighting
  3165 | D:5      | Noticed an ice beast
  3177 | D:5      | HP: 9/38 [ice beast (2)]
  3177 | D:5      | Slain by an ice beast

Levels and vault maps discovered:
D:1:      reono_arrival_mine, layout_basic
D:2:      layout_basic, basic_altar, hellmonk_ecumenical_altar_dog_temple,
          roderic_roman_lattice
D:3:      layout_loops_ring
D:4:      layout_cave_pools, mainiacjoe_overflow_swirl,
          minmay_temple_entry_sparse_star
D:5:      layout_cave_pools, jmf_multi_god_temple, kennysheep_boxes
Temple:   regret_index_temple_waves

Skill      XL: |  1  2  3  4  5  6 |
---------------+-------------------+-----
Ranged Weapons | 3 4 5 |  5.0
Fighting       | 2 3 |  3.9
Armour         | 2 |  2.5
Dodging        | |  1.5
Spellcasting   | |  1.0
Hexes          | |  2.6

Action                     |  1- 3 |  4- 6 || total
---------------------------+-------+-------++-------
   Fire: Sling             |   125 |   164 ||   289
    Use: Scroll            |     1 |     7 ||     8
         Potion            |       |     4 ||     4
 Armour: Robe              |    11 |       ||    11
         Leather armour    |    11 |    10 ||    21
         Ring mail         |       |    33 ||    33
  Dodge: Dodged            |    32 |    61 ||    93

Table legend:
 A = Non-vault XP
 B = Vault XP
 C = Vault XP percentage of total XP
 D = Non-vault monster count
 E = Vault monster count
 F = Vault count percentage of total count
                 A         B        C        D         E       F
            +---------+---------+-------+---------+---------+-------
      Total |     467 |       8 |   1.7 |      78 |       4 |   4.9
            +---------+---------+-------+---------+---------+-------
        D:1 |      49 |       0 |   0.0 |      31 |       0 |   0.0
        D:2 |      64 |       8 |  11.1 |      22 |       4 |  15.4
        D:3 |       7 |       0 |   0.0 |       4 |       0 |   0.0
        D:4 |     169 |       0 |   0.0 |      13 |       0 |   0.0
        D:5 |     178 |       0 |   0.0 |       8 |       0 |   0.0
            +---------+---------+-------+---------+---------+-------
